 Dungeon Crawl Stone Soup version 0.21-a0-41-g5e91fef (webtiles) character file.

52 roguesci the Chiller (level 3, -2/30 HPs)
             Began as a Draconian Ice Elementalist on June 4, 2017.
             Slain by Sigmund
             ... wielding a +0 scythe
              (9 damage)
             ... on level 2 of the Dungeon.
             The game lasted 00:06:17 (1441 turns).

roguesci the Chiller (Draconian Ice Elementalist)   Turns: 1441, Time: 00:06:18

Health: -2/30      AC:  5    Str: 10    XL:     3   Next: 60%
Magic:  15/15      EV: 12    Int: 16    God:
Gold:   139        SH:  0    Dex: 11    Spells: 2/6 levels left

rFire    . . .     SeeInvis .   (no weapon)
rCold    . . .     Gourm    .   (no shield)
rNeg     . . .     Faith    .   (armour unavailable)
rPois    .         Spirit   .   (helmet restricted)
rElec    .         Reflect  .   (no cloak)
rCorr    .         Harm     .   (no gloves)
MR       .....                  (no boots)
Stlth    ++........             k - amulet of magic regeneration
Regen    0.1/turn               h - ring of magical power
MPRegen  0.3/turn               (no ring)

@: no status effects
A: unfitting armour, cold-blooded, AC +5
a: no special abilities


You were on level 2 of the Dungeon.
You were hungry.

You visited 1 branch of the dungeon, and saw 2 of its levels.

You collected 139 gold pieces.

Inventory:

Jewellery
 c - an uncursed amulet of regeneration {unknown}
 h - a ring of magical power (left hand)
 k - an amulet of magic regeneration (around neck)
 l - an uncursed ring of ice {unknown}
Scrolls
 e - a scroll of identify {unknown}
 g - a scroll of remove curse
Books
 a - a book of Frost

   Spells                             Type                      Level
   a - Freeze                         Ice                          1
   b - Throw Frost                    Conjuration/Ice              2
   c - Ozocubu's Armour               Charms/Ice                   3
   d - Throw Icicle                   Conjuration/Ice              4
   e - Summon Ice Beast               Ice/Summoning                4
Comestibles
 b - 2 bread rations
 f - a royal jelly
 j - 6 chunks of flesh


   Skills:
 * Level 2.3 Fighting
 + Level 2.0 Dodging
 + Level 2.0 Stealth
 + Level 2.3 Spellcasting
   Level 1.0 Conjurations
 + Level 3.2 Ice Magic


You had 2 spell levels left.
You knew the following spells:

 Your Spells              Type           Power        Failure   Level  Hunger
a - Freeze                Ice            ##..         5%          1    #......
b - Ozocubu's Armour      Chrm/Ice       #.......     30%         3    ###....


Dungeon Overview and Level Annotations

Branches:
Dungeon (2/15)

Altars:

Annotations:
D:2 Sigmund


Innate Abilities, Weirdness & Mutations

Your plain brown scales are hard. (AC +5)
You cannot fit into any form of body armour.
You are cold-blooded and may be slowed by cold attacks.


Message History

Sigmund gestures at you while chanting.
You are confused.
You bump into the rock wall.
Sigmund casts a spell at you.
You are more confused.
Sigmund casts a spell at you. You resist with significant effort.
You bump into the rock wall.
You're too confused to move!
Sigmund hits you from afar with a scythe!
You bump into the rock wall.
You bump into the rock wall.
Sigmund hits you from afar with a scythe!
* * * LOW HITPOINT WARNING * * *
It was a potion of cancellation.
Your magical effects are unravelling.
You feel magically purged.
You feel less confused.
Sigmund hits you from afar with a scythe!
You die...

# ...# #.# ## ## #.###..#
#.# .###.# #.#.#..# #)#
.#.. ..#...# #.# #..#
#.#..####### #.# #..#
#..........###.### #.รท###
#.....@..)...(...## #<...#
#.#.##..####.###....###
#.##.# #..<..@.# #.#
#.......
####.##.#.#...##.## #.#
##...### .)...##.#.#...##.#
#.## ##<## #######.#.#. .
..# #..# #@## #
#.#.#.#.#### ##.# #..# #
#.#[##.# #.# ##.# #
#.#.##.# #.# #.# #
#.#.##.##########.#####.###
#
#..........................


You could see Sigmund.

Vanquished Creatures
  An adder (D:2)
  An ooze (D:2)
  A worm (D:2)
  A dart slug (D:2)
  A leopard gecko (D:2)
  2 giant cockroaches (D:1)
  5 goblins
  4 hobgoblins
  5 kobolds
  5 bats
  2 frilled lizards (D:1)
  5 rats
33 creatures vanquished.

Notes
Turn   | Place    | Note
-------+----------+-------------------------------------------
     0 | D:1      | roguesci the Draconian Ice Elementalist began the quest for the Orb.
     0 | D:1      | Reached XP level 1. HP: 14/14 MP: 3/3
   289 | D:1      | Reached skill level 1 in Fighting
   289 | D:1      | Reached XP level 2. HP: 19/23 MP: 1/5
   965 | D:2      | Reached XP level 3. HP: 14/29 MP: 6/6
   970 | D:2      | Learned a level 3 spell: Ozocubu's Armour
  1085 | D:2      | Noticed Sigmund
  1441 | D:2      | Slain by Sigmund

Vault maps used:
D:1:      minmay_arrival_loop, minmay_split_cup_large
D:2:      uniq_sigmund

Skill      XL: |  1  2  3 |
---------------+----------+-----
Fighting       | 1 2 |  2.3
Stealth        | 2 |  2.0
Dodging        | 2 |  2.0
Spellcasting   | |  2.3
Conjurations   | |  1.0
Ice Magic      | |  3.2

Action                   || total
-------------------------++-------
Melee: Unarmed           ||    63
       Tailslap          ||     7
 Cast: Freeze            ||    44
       Ozocubu's Armour  ||     1
  Use: Potion            ||     2
       Scroll            ||     1
 Stab: Sleeping          ||     3
  Eat: Chunk             ||     2
Armor: Skin              ||    38
Dodge: Dodged            ||    66
